 Dungeon Crawl Stone Soup version 0.22.1-1-ga44c0e56f4 (webtiles) character file.

16771 Gargoyl the Protected (level 12, 0/101 HPs)
             Began as a Centaur Abyssal Knight on Oct 22, 2018.
             Was a Believer of Lugonu.
             Slain by a spiny frog (9 damage)
             ... on level 3 of the Lair of Beasts.
             The game lasted 00:24:23 (18058 turns).

Gargoyl the Protected (Centaur Abyssal Knight)     Turns: 18058, Time: 00:24:24

Health: 0/101      AC: 16    Str: 18    XL:     12   Next: 13%
Magic:  27/27      EV:  5    Int: 11    God:    Lugonu [**....]
Gold:   681        SH:  0    Dex: 13    Spells: 11/11 levels left

rFire    . . .     SeeInvis .   q - +4 hand axe (elec)
rCold    . . .     Gourm    .   (no shield)
rNeg     . . .     Faith    .   v - +0 plate armour
rPois    .         Spirit   .   i - +2 hat
rElec    .         Reflect  .   k - scarf {repulsion}
rCorr    .         Harm     .   y - +0 pair of gloves
MR       .....     Clarity  +   (no barding)
Stlth    ..........             (no amulet)
HPRegen  0.26/turn              n - ring of flight
MPRegen  0.20/turn              A - ring of magical power

@: confused, repel missiles, very quick
A: large, fangs 1, hooves 3, horns 1, thin skeletal structure 1, clarity,
deformed body, speed 2, tough skin 3
a: Depart the Abyss, Bend Space, Renounce Religion, Evoke Flight


You were on level 3 of the Lair of Beasts.
You worshipped Lugonu.
Lugonu was pleased with you.
You were not hungry.

You visited 2 branches of the dungeon, and saw 12 of its levels.
You visited the Abyss 2 times.

You collected 739 gold pieces.
You spent 58 gold pieces at shops.

Inventory:

Hand Weapons
 a - a +1 hand axe
 q - a +4 hand axe of electrocution (weapon)
 w - a +0 war axe
 z - a +1 hand axe of flaming
Missiles
 E - 4 javelins (quivered)
Armour
 i - a +2 hat (worn)
 k - a scarf of repulsion (worn)
 v - a +0 plate armour (worn)
 y - a +0 pair of gloves (worn)
Jewellery
 n - a ring of flight (left hand)
 A - a ring of magical power (right hand)
Wands
 f - a wand of random effects (33)
 p - a wand of iceblast (23)
 r - a wand of paralysis (6)
 F - a wand of disintegration (19)
Scrolls
 b - 8 scrolls of remove curse
 d - 2 scrolls of magic mapping
 e - 3 scrolls of amnesia
 h - 2 scrolls of identify
 o - 3 scrolls of fog
Potions
 g - 2 potions of magic
 l - a potion of flight
 m - 2 potions of ambrosia
 x - 2 potions of lignification
 C - a potion of cancellation
Comestibles
 c - 30 rations


   Skills:
 + Level 7.7 Fighting
 + Level 9.3 Axes
 + Level 3.7 Throwing
 * Level 10.2 Armour
 + Level 2.2 Dodging
 * Level 8.8 Invocations
 + Level 1.3 Evocations


You had 11 spell levels left.
You didn't know any spells.
Your spell library contained the following spells:

 Spells                   Type           Power        Failure   Level  Hunger
 Corona                   Hex            #......      100%        1    ##.....
 Freeze                   Ice            #...         100%        1    ##.....
 Magic Dart               Conj           #...         100%        1    ##.....
 Shock                    Conj/Air       #...         100%        1    ##.....
 Ensorcelled Hibernation  Hex/Ice        #.....       100%        2    ###....
 Searing Ray              Conj           #.....       100%        2    ###....
 Swiftness                Chrm/Air       #.......     100%        2    ###....
 Throw Frost              Conj/Ice       #.....       100%        2    ###....
 Confuse                  Hex            #.......     100%        3    ####...
 Dazzling Spray           Conj/Hex       #.....       100%        3    ####...
 Ozocubu's Armour         Chrm/Ice       #.......     100%        3    ####...
 Static Discharge         Conj/Air       #.......     100%        3    ####...
 Tukima's Dance           Hex            #.......     100%        3    ####...
 Airstrike                Air            #.........   100%        4    #####..
 Force Lance              Conj/Tloc      #.......     100%        4    #####..
 Fulminant Prism          Conj/Hex       #.........   100%        4    #####..
 Iskenderun's Mystic Bla  Conj           #.......     100%        4    #####..
 Summon Ice Beast         Ice/Summ       #.......     100%        4    #####..
 Throw Icicle             Conj/Ice       #.......     100%        4    #####..
 Lightning Bolt           Conj/Air       #.........   100%        5    ######.


Dungeon Overview and Level Annotations

Branches:
Dungeon (9/15)             Temple (0/1) D:6            Lair (3/6) D:9
  Snake (0/4) Lair:2
  Swamp: Lair:2-4    Shoals: Lair:2-4       Orc: D:9-12

Altars:
Cheibriados
Gozag
Makhleb
Ru
Wu Jian
Yredelemnul
Zin
The Shining One
Beogh

Shops:
D:4 [


Innate Abilities, Weirdness & Mutations

You have hooves in place of feet.
Armour fits poorly on your strangely shaped body.
You cover ground very quickly.
You have extremely tough skin. (AC +3)
You have very sharp teeth.
You have a pair of small horns on your head.
You have a somewhat thin skeletal structure. (Dex +2, Stealth)
You possess an exceptional clarity of mind.


Message History

You feel sick. The spiny frog stings you!
* * * LOW HITPOINT WARNING * * *
Unknown command.
You hit the spiny frog but do no damage.
Your headbutt misses the spiny frog.
The spiny frog is almost dead.
* * * LOW HITPOINT WARNING * * *
You feel sick. The spiny frog stings you!
* * * LOW HITPOINT WARNING * * *
Unknown command.
You feel better. The spiny frog stings you!
* * * LOW HITPOINT WARNING * * *
You are confused.
You feel invigorated.
The spiny frog stings you but does no damage.
You closely miss the spiny frog. Your kick misses the spiny frog.
Your headbutt misses the spiny frog.
The spiny frog is almost dead.
The spiny frog stings you!
You die...

....$.....................
.......<.................P
......≈≈≈................#
......≈#≈................#
......≈≈≈.................
.........................#
......................#..P
...≈≈≈....................
...≈≈≈...@................
.#.≈≈≈...F................
......................P##.
.#.P..#........P.P#..P....
..................#..P....
.................#...#....
.....................#....
.....................#....
.####.....................


You could see a spiny frog.

Vanquished Creatures
  Gastronok (Lair:3)
  2 two-headed ogres
  A faun (Lair:1)
  The ghost of StLion the Chopper, a novice TrFi (D:3)
  A kobold demonologist (D:9)
  2 spiny frogs
  2 rime drakes
  A komodo dragon (Lair:3)
  A queen bee (Lair:2)
  Grinder (D:4)
  2 hornets
  4 hippogriffs
  7 yaks
  2 basilisks
  A hungry ghost (D:7)
  4 water moccasins
  6 porcupines
  A sky beast (D:9)
  A black bear (Lair:2)
  3 orc warriors
  3 phantoms
  An eye of draining (Abyss:1)
  7 ogres
  22 wolves (Lair:1)
  2 centaurs
  A crocodile (Lair:2)
  11 bullfrogs
  A big kobold (D:7)
  2 scorpions
  A water moccasin skeleton (D:4)
  7 wights
  A howler monkey (D:6)
  23 killer bees
  An electric eel (Lair:3)
  5 crimson imps
  A bullfrog zombie (D:7)
  A jelly (D:9)
  3 hounds
  7 orc priests
  A centaur skeleton (D:4)
  Natasha (thrice) (D:4)
  3 iguanas
  13 orc wizards
  5 worker ants
  3 gnolls (D:6)
  6 adders
  A shadow imp (D:7)
  An adder skeleton (D:7)
  3 worms (D:2)
  3 dart slugs
  4 leopard geckos
  39 orcs
  A ball python (D:1)
  3 giant cockroaches
  6 goblins
  8 hobgoblins
  6 jackals
  3 quokkas
  7 bats
  4 frilled lizards
  14 kobolds
  A leopard gecko zombie (D:5)
  A quokka skeleton (D:7)
  5 rats
288 creatures vanquished.

Vanquished Creatures (others)
  2 lindwurms (Lair:2)
  A spiny frog (Lair:3)
  A bush (Lair:3)
  4 fungi (Lair:3)
  3 plants
11 creatures vanquished.

Grand Total: 299 creatures vanquished

Notes
Turn   | Place    | Note
-------+----------+-------------------------------------------
     0 | Abyss:1  | Gargoyl the Centaur Abyssal Knight began the quest for the
                  | Orb.
     0 | Abyss:1  | Reached XP level 1. HP: 19/19 MP: 2/2
    30 | Abyss:1  | Found a corrupted altar of Lugonu.
   212 | Abyss:1  | Noticed a small abomination
   215 | Abyss:1  | Noticed a flayed ghost
   257 | Abyss:1  | Found a corrupted altar of Lugonu.
   262 | Abyss:1  | Noticed an eye of draining
   276 | Abyss:1  | Killed an eye of draining
   276 | Abyss:1  | Reached XP level 2. HP: 28/28 MP: 0/3
   276 | Abyss:1  | Reached XP level 3. HP: 34/34 MP: 0/4
   276 | Abyss:1  | Reached XP level 4. HP: 41/41 MP: 0/5
   291 | Abyss:1  | Noticed an ancient zyme
   295 | D:1      | Escaped the Abyss
   825 | D:1      | Reached * piety under Lugonu
  1569 | D:2      | Reached skill level 2 in Armour
  1655 | D:2      | Reached XP level 5. HP: 44/47 MP: 6/6
  2297 | D:3      | Reached ** piety under Lugonu
  2723 | D:3      | Reached skill level 1 in Dodging
  3274 | D:4      | Found a runed gate.
  3274 | D:4      | Found a runed gate.
  3274 | D:4      | Found a runed gate.
  3274 | D:4      | Noticed StLion's ghost (novice TrFi)
  3326 | D:4      | Noticed Natasha
  3330 | D:4      | Killed Natasha
  3330 | D:4      | Reached XP level 6. HP: 49/53 MP: 8/8
  3703 | D:4      | Reached skill level 3 in Armour
  3872 | D:4      | Found Biaqiphe's Armour Shop.
  3877 | D:4      | Noticed Natasha
  3886 | D:4      | Killed Natasha
  3891 | D:4      | Bought a +0 chain mail for 58 gold pieces
  3926 | D:4      | Found a glowing golden altar of the Shining One.
  3993 | D:4      | Noticed Grinder
  4004 | D:4      | Killed Grinder
  4004 | D:4      | Reached skill level 5 in Fighting
  4004 | D:4      | Reached XP level 7. HP: 54/61 MP: 9/9
  4184 | D:4      | Noticed Natasha
  4189 | D:4      | Killed Natasha
  4211 | D:4      | Found a roughly hewn altar of Beogh.
  4495 | D:2      | Gained mutation: You possess an exceptional clarity of
                  | mind. [potion of mutation]
  4495 | D:2      | Gained mutation: You have a somewhat thin skeletal
                  | structure. (Dex +2, Stealth) [potion of mutation]
  4495 | D:2      | Gained mutation: You have very sharp teeth. [potion of
                  | mutation]
  4495 | D:2      | Gained mutation: You have a pair of small horns on your
                  | head. [potion of mutation]
  4507 | D:3      | Killed StLion's ghost
  4507 | D:3      | Reached skill level 4 in Armour
  4507 | D:3      | Reached XP level 8. HP: 38/68 MP: 11/11
  4942 | D:5      | Entered Level 5 of the Dungeon
  4950 | D:5      | Reached skill level 1 in Throwing
  4953 | D:5      | Reached skill level 5 in Invocations
  5146 | D:5      | Reached skill level 5 in Axes
  5178 | D:5      | Reached *** piety under Lugonu
  5320 | D:5      | Reached skill level 5 in Armour
  5958 | D:6      | Reached XP level 9. HP: 66/75 MP: 13/13
  6062 | D:6      | Found a staircase to the Ecumenical Temple.
  6977 | D:6      | Found a basalt altar of Yredelemnul.
  6983 | D:6      | Found a snail-covered altar of Cheibriados.
  7512 | D:6      | Reached **** piety under Lugonu
  7643 | D:7      | Reached skill level 6 in Armour
  8683 | D:8      | Reached XP level 10. HP: 66/83 MP: 14/14
  9657 | D:8      | Found a glowing silver altar of Zin.
  9660 | D:8      | Found an ornate altar of the Wu Jian Council.
  9662 | D:8      | Found an opulent altar of Gozag.
  9664 | D:8      | Found a burning altar of Makhleb.
  9665 | D:8      | Found a sacrificial altar of Ru.
  9817 | D:9      | Noticed a two-headed ogre
 10009 | D:9      | Paralysed by a hornet for 1 turns
 10265 | D:9      | Reached skill level 7 in Armour
 10686 | D:9      | Got a heavily runed ring mail
 10697 | D:9      | Identified the cursed +0 ring mail of the Valley {Int+4}
                  | (You found it on level 9 of the Dungeon)
 10990 | D:9      | Noticed a two-headed ogre
 10996 | D:9      | Reached ***** piety under Lugonu
 11040 | D:8      | Killed a two-headed ogre
 11388 | D:9      | Got a steaming lead ring
 11390 | D:9      | Identified the ring "Giej" {Ice Str+3 Dex+5 SInv} (You
                  | found it on level 9 of the Dungeon)
 11721 | D:9      | Killed a two-headed ogre
 11721 | D:9      | Reached skill level 1 in Evocations
 11912 | D:9      | Found a staircase to the Lair.
 12031 | Lair:1   | Entered Level 1 of the Lair of Beasts
 12031 | Lair:1   | Noticed a spiny frog
 12034 | Lair:1   | Reached skill level 8 in Armour
 12039 | Lair:1   | Killed a spiny frog
 12488 | Lair:1   | Reached XP level 11. HP: 86/91 MP: 16/16
 13768 | Lair:2   | Found a staircase to the Snake Pit.
 13830 | Lair:2   | Reached skill level 9 in Armour
 14415 | Lair:2   | Noticed a lindwurm
 14558 | Lair:3   | Noticed Gastronok
 15505 | Lair:2   | Noticed a lindwurm
 16178 | Lair:2   | Escaped the Abyss
 17120 | Lair:2   | Banished a lindwurm
 17120 | Lair:2   | Reached skill level 10 in Armour
 17123 | Lair:2   | Noticed a lindwurm
 17123 | Lair:2   | Noticed a lindwurm
 17128 | Lair:2   | Banished a lindwurm
 17734 | Lair:3   | Killed Gastronok
 17734 | Lair:3   | Reached XP level 12. HP: 50/101 MP: 18/18
 18056 | Lair:3   | HP: 1/101 [spiny frog (16)]
 18058 | Lair:3   | Slain by a spiny frog

Skill      XL: |  1  2  3  4  5  6  7  8  9 10 11 |
---------------+----------------------------------+-----
Fighting       | 4 5 6 7 |  7.7
Axes           | 2 3 4 5 7 8 9 |  9.3
Armour         | 2 3 4 5 6 8 10 | 10.2
Dodging        | 1 2 |  2.2
Invocations    | 3 4 5 6 7 8 |  8.8
Throwing       | 1 3 |  3.7
Evocations     | 1 |  1.3

Action                   |  1- 3 |  4- 6 |  7- 9 | 10-12 || total
-------------------------+-------+-------+-------+-------++-------
Melee: Hand axe          |    11 |   199 |   302 |   395 ||   907
       Kick              |     2 |    50 |    70 |   132 ||   254
       Headbutt          |       |       |    47 |    66 ||   113
       Bite              |       |       |    21 |    45 ||    66
Throw: Javelin           |       |     2 |    14 |    26 ||    42
Invok: Depart the Abyss  |       |     1 |       |     1 ||     2
       Bend Space        |       |       |     1 |     2 ||     3
       Banish            |       |       |       |     4 ||     4
       Enter the Abyss   |       |       |       |     1 ||     1
Evoke: Wand              |       |       |       |     6 ||     6
  Use: Scroll            |     2 |     9 |     4 |    10 ||    25
       Potion            |       |     1 |     1 |    11 ||    13
  Eat: Chunk             |       |     3 |    16 |    15 ||    34
       Ration            |       |     1 |       |     4 ||     5
Armor: Leather armour    |       |    21 |       |       ||    21
       Ring mail         |       |    64 |       |       ||    64
       Chain mail        |       |     6 |   173 |       ||   179
       Plate armour      |       |       |    24 |   353 ||   377
Dodge: Dodged            |       |    76 |    70 |   138 ||   284
       Deflected         |       |     7 |       |     1 ||     8
